 Dungeon Crawl Stone Soup version 0.29-a0-11-ga75d3d97ab (webtiles) character file.

Game seed: 8161580172804055295

89 sudoninja the Ruffian (level 4, -6/66 HPs)
             Began as a Troll Berserker on Jan 28, 2022.
             Was a Follower of Trog.
             Mangled by a water moccasin (7 damage)
             ... on level 3 of the Dungeon.
             The game lasted 00:02:08 (361 turns).

sudoninja the Ruffian (Troll Berserker)              Turns: 361, Time: 00:02:09

Health: -6/66      AC:  4    Str: 27    XL:     4   Next: 31%
Magic:  3/3        EV: 10    Int:  3    God:    Trog [*.....]
Gold:   37         SH:  0    Dex:  9    Spells: 3/3 levels left

rFire   . . .      SeeInvis .     - Unarmed
rCold   . . .      Faith    .   (no shield)
rNeg    . . .      Spirit   .   a - +0 animal skin
rPois   .          Reflect  .   (helmet restricted)
rElec   .          Harm     .   (no cloak)
rCorr   .          Rampage  .   (gloves unavailable)
Will    +....                   (boots unavailable)
Stlth   ..........              (no amulet)
HPRegen 2.01/turn               (no ring)
MPRegen 0.08/turn               (no ring)

@: berserking (expiring), lethally poisoned (-6 -> -6), weak-willed,
strong-willed (expiring), regenerating (expiring), very quick
A: large, unfitting armour, claws 3, regeneration 1, shaggy fur 1, tough skin 1
a: Renounce Religion, Berserk


You were on level 3 of the Dungeon.
You worshipped Trog.
Trog was aware of your devotion.
You visited 1 branch of the dungeon, and saw 3 of its levels.

You collected 37 gold pieces.

Inventory:

Hand Weapons
 d - a +0 hunting sling
 g - a +2 dagger of draining
 j - the +3 mace of Earthquakes {freeze, Drain rF+++ rCorr Int-2}
   (You found it on level 3 of the Dungeon)

   It freezes those it strikes, dealing additional cold damage.
   It can also slow down cold-blooded creatures.
   Int:       It affects your intelligence (-2).
   rF:        It renders you almost immune to fire.
   rCorr:     It protects you from acid and corrosion.
   Drain:     It drains your maximum health when unequipped.
Armour
 a - a +0 animal skin (worn)
Potions
 e - a potion of curing {unknown}
 f - a potion of brilliance {unknown}
 i - a potion of degeneration {unknown}


   Skills:
 - Level 2.4 Fighting
 - Level 2.4 Dodging
 + Level 5.2 Unarmed Combat


You had 3 spell levels left.
You didn't know any spells.
Your spell library was empty.

Dungeon Overview and Level Annotations

Branches:
Dungeon (3/15)

Altars:


Innate Abilities, Weirdness & Mutations

You are too large for most types of armour.
You have claws for hands.
Your natural rate of healing is unusually fast.
You are covered in fur. (AC +1)
You have tough skin. (AC +1)


Message History

You barely miss the water moccasin.
The water moccasin bites you but does no damage.
The hobgoblin barely misses you. The rat bites you. x2
You barely miss the water moccasin. The water moccasin bites you.
The hobgoblin closely misses you. x2; The rat barely misses you.
You miss the water moccasin. The water moccasin bites you!
You are poisoned.
The water moccasin poisons you! The rat bites you but does no damage.
You claw the water moccasin! Your claw misses the water moccasin.
The water moccasin is heavily wounded.
You feel sick. The water moccasin bites you.
* * * LOW HITPOINT WARNING * * *
The hobgoblin misses you. The rat bites you.
* * * LOW HITPOINT WARNING * * *
The hobgoblin hits you.
* * * LOW HITPOINT WARNING * * *
The rat bites you but does no damage.
You barely miss the water moccasin.
The water moccasin is heavily wounded.
You feel sick.
The water moccasin completely misses you.
The hobgoblin completely misses you. The rat bites you.
* * * LOW HITPOINT WARNING * * *
The hobgoblin hits you.
* * * LOW HITPOINT WARNING * * *
You closely miss the rat.
You feel the effects of Trog's Hand fading.
You feel sick. The rat barely misses you. The water moccasin bites you.
* * * LOW HITPOINT WARNING * * *
Unknown command.
You claw the rat!
You kill the rat!
Trog accepts your kill.
You feel sick.
The hobgoblin hits you but does no damage. x2
The rat bites you.
* * * LOW HITPOINT WARNING * * *
You barely miss the hobgoblin.
You feel sick. The water moccasin misses you.
You barely miss the hobgoblin.
You feel sick. The water moccasin bites you!
You die...

#...### #...#
#........ #...#
#........
#.....
#........
.......
#.......#
#......#
#.......#
#.......
+.......# #
.#.r
..#####gg......
# # .
.......@......#
#
..#...Sr#..#...
#.....# .#
##...## # #...
##.# #( ##


You could see a water moccasin, 2 hobgoblins and a rat.

Vanquished Creatures
  5 adders
  An ufetubus (D:3)
  2 worms
  2 dart slugs
  A ball python (D:3)
  4 endoplasms
  2 goblins
  4 hobgoblins
  2 jackals (D:1)
  3 kobolds
  A bat (D:2)
  A frilled lizard (D:3)
  2 rats
30 creatures vanquished.

Notes
Turn   | Place    | Note
-------+----------+-------------------------------------------
     0 | D:1      | sudoninja the Troll Berserker began the quest for the Orb.
     0 | D:1      | Reached XP level 1. HP: 22/22 MP: 0/0
    27 | D:1      | Found a faded altar of an unknown god.
    42 | D:1      | Reached XP level 2. HP: 23/29 MP: 1/1
   111 | D:1      | You fall into a shaft and drop 1 floor!
   122 | D:2      | Reached skill level 4 in Unarmed Combat
   179 | D:2      | Reached XP level 3. HP: 36/36 MP: 2/2
   266 | D:3      | Reached ** piety under Trog
   267 | D:3      | Reached XP level 4. HP: 44/44 MP: 3/3
   281 | D:3      | Reached skill level 5 in Unarmed Combat
   316 | D:3      | Identified the +3 mace of Earthquakes {freeze, Drain rF+++
                  | rCorr Int-2}
   347 | D:3      | Noticed a water moccasin
   359 | D:3      | HP: 1/66 [rat (3)]
   361 | D:3      | Mangled by a water moccasin

Illustrated notes

Levels and vault maps discovered:
D:1:      lightli_arrival_lavapool, layout_rooms, ebering_ecumenical_altar_mist
D:2:      layout_loops_corners
D:3:      layout_basic, hangedman_decor_clover_reticule, minmay_misc_feat_doors,
          minmay_unequal

Skill      XL: |  1  2  3  4 |
---------------+-------------+-----
Unarmed Combat | 4 5 |  5.2
Fighting       | |  2.4
Dodging        | |  2.4

Action                   |  1- 3 |  4- 6 || total
-------------------------+-------+-------++-------
Melee: Unarmed           |    48 |    16 ||    64
Invok: Berserk           |       |     1 ||     1
       Trog's Hand       |       |     1 ||     1
  Use: Scroll            |       |     3 ||     3
Armor: Animal skin       |    10 |     9 ||    19
Dodge: Dodged            |    19 |    14 ||    33

Table legend: (Time is in decaauts)
 A = Elapsed time spent in this place.
 B = Non-inter-level travel time spent in this place.
 C = Inter-level travel time spent in this place.
 D = Time resting spent in this place.
 E = Time spent auto-exploring this place.
 F = Levels seen in this place.
 G = Mean time per level.
                   A        B        C        D        E       F      G
               +--------+--------+--------+--------+--------+-----+--------+
         Total |    352 |    352 |      0 |      0 |     46 |   3 |  117.3 |
       Dungeon |    352 |    352 |      0 |      0 |     46 |   3 |  117.3 |
               +--------+--------+--------+--------+--------+-----+--------+

Top non-repeatable levels by time:
     D:3: 172 daAuts
     D:1: 109 daAuts
     D:2: 70 daAuts
